 Dungeon Crawl Stone Soup version 0.30-a0-557-ge2afbf3030 (webtiles) character file.

Game seed: 12735525600611435125

230 cforsyth the Conjurer (level 5, 0/38 HPs)
             Began as a Draconian Conjurer on Dec 28, 2022.
             Slain by a phantom (5 damage)
             ... on level 3 of the Dungeon.
             The game lasted 00:08:29 (5889 turns).

cforsyth the Conjurer (Draconian Conjurer)          Turns: 5889, Time: 00:08:30

Health: 0/38       AC:  5    Str:  9    XL:     5   Next: 72%
Magic:  0/9        EV: 12    Int: 20    God:
Gold:   231        SH:  5    Dex: 10    Spells: 9/10 levels left

rFire   . . .      SeeInvis .    (no weapon)
rCold   . . .      Faith    .    (no shield)
rNeg    . . .      Spirit   .    (body armour unavailable)
rPois   .          Reflect  +    (helmet restricted)
rElec   .          Harm     .    (no cloak)
rCorr   .          Rampage  .    (no gloves)
Will    +....                    (no boots)
Stlth   ++                       d - amulet of reflection
HPRegen 0.26/turn                g - ring of willpower
MPRegen 0.11/turn                (no ring)

@: no status effects
A: AC +5, unfitting armour, cold-blooded
a: no special abilities


You were on level 3 of the Dungeon.
You visited 1 branch of the dungeon, and saw 4 of its levels.

You collected 231 gold pieces.

Inventory:

Jewellery
 d - an amulet of reflection (around neck)
 g - a ring of willpower (left hand)
Scrolls
 e - a scroll of identify
 h - a scroll of immolation
 i - a scroll of fog
 k - a scroll of teleportation
Potions
 a - a potion of magic
 b - 3 potions of degeneration


   Skills:
 + Level 3.2 Dodging
 - Level 2.5 Stealth
 + Level 3.3 Spellcasting
 + Level 5.0 Conjurations
 + Level 0.7 Hexes


You had 9 spell levels left.
You knew the following spells:

 Your Spells              Type           Power      Damage    Failure   Level
a - Magic Dart            Conj           92%        1d7       1%          1

Your spell library contained the following spells:

 Spells                   Type           Power      Damage    Failure   Level
 Searing Ray              Conj           46%        2d6       2%          2
 Dazzling Flash           Conj/Hex       28%        N/A       13%         3
 Fulminant Prism          Conj/Hex       7%         3d6       38%         4
 Iskenderun's Mystic Bla  Conj/Tloc      13%        2d5       43%         4


Dungeon Overview and Level Annotations

Branches:
Dungeon (4/15)
 Temple: D:4-7

Altars:
Ashenzari
Gozag
Trog

Annotations:
D:4 Menkaure, Sigmund


Innate Abilities, Weirdness & Mutations

Your plain brown scales are hard. (AC +5)
You cannot fit into any form of body armour.
You are cold-blooded and may be slowed by cold attacks.


Message History

Press: ? - help, Shift-Dir - straight line, f/p - phantom
Aim: a phantom (poison gas, severely damaged, 100% to hit)
The magic dart hits the phantom.
The phantom is severely damaged.
The phantom hits you but does no damage.
You hit the phantom.
The phantom is severely damaged.
The phantom hits you.
The phantom blinks!
You blink.
You miss the phantom.
The phantom is severely damaged.
The phantom hits you but does no damage.
You barely miss the phantom. You tail-slap the phantom.
The phantom is almost destroyed.
The phantom hits you.
The phantom blinks!
You blink.
You are too injured to fight recklessly!
You barely miss the phantom.
The phantom is almost destroyed.
The phantom hits you!
* * * LOW HITPOINT WARNING * * *
The phantom blinks!
You blink.
You hit the phantom.
The phantom is almost destroyed.
You block the phantom's attack.
You barely miss the phantom.
The phantom is almost destroyed.
The phantom hits you.
* * * LOW HITPOINT WARNING * * *
The phantom blinks!
You blink.
You miss the phantom.
The phantom is almost destroyed.
You block the phantom's attack.
Casting: Magic Dart (safe; 1% risk of failure)
Confirm with . or Enter, or press ? or * to list all spells.
Aiming: Magic Dart (safe; 1% risk of failure)
Press: ? - help, Shift-Dir - straight line, f/p - phantom
Aim: a phantom (almost destroyed, 100% to hit)
The magic dart hits the phantom but does no damage.
The phantom is almost destroyed.
The phantom hits you.
You die...

#.########.###.#.## #..####...
#.†..........#....# #..# ##...
########....§.....###..###....
#.#)#.#......(....#....
#.#>#.#.#.####.........
#.#[[...#.# #.....####
#.#.....#.## #.#####...
#....W.....###§# #...
#.#...@.#......# #...
###.#...........#######..
#...###.###..##.#⌠#⌠#⌠#..
#.### ### #..##...._o.... #.#
#..####⌠#⌠#⌠#.. #.#
#..###########. #.#
#........>...#) #.#
#...>.........( #.#
######.#.#.###)


You could see a phantom.

Vanquished Creatures
  2 orc wizards
  4 gnolls
  5 adders
  A worm (D:2)
  2 dart slugs
  9 orcs
  2 bats (D:1)
  8 endoplasms
  11 giant cockroaches
  8 goblins
  4 hobgoblins
  3 jackals (D:2)
  8 kobolds
  A quokka (D:1)
  5 ball pythons
  3 frilled lizards
  4 rats
80 creatures vanquished.

Notes
Turn   | Place    | Note
-------+----------+-------------------------------------------
     0 | D:1      | cforsyth the Draconian Conjurer began the quest for the
                  | Orb.
     0 | D:1      | Reached XP level 1. HP: 14/14 MP: 3/3
   201 | D:1      | Reached XP level 2. HP: 10/20 MP: 0/5
   953 | D:2      | Reached XP level 3. HP: 26/26 MP: 1/6
  1922 | D:2      | Reached XP level 4. HP: 33/33 MP: 4/7
  3736 | D:3      | Found a broken altar of Ashenzari.
  3813 | D:3      | Found a faded altar of an unknown god.
  3832 | D:3      | Reached XP level 5. HP: 38/38 MP: 0/9
  4104 | D:3      | Found a bloodstained altar of Trog.
  4108 | D:3      | Noticed a phantom
  4706 | D:3      | Found an opulent altar of Gozag.
  5261 | D:2      | Reached skill level 5 in Conjurations
  5653 | D:4      | Noticed a black bear
  5775 | D:4      | Noticed Sigmund
  5816 | D:4      | Noticed Menkaure
  5889 | D:3      | Slain by a phantom

Illustrated notes

Levels and vault maps discovered:
D:1:      lemuel_arrival_cross, layout_rooms
D:2:      layout_loops_corners
D:3:      layout_loops_ring, bloody_trog,
          nicolae_gozag_cash_rules_everything_around_me,
          ashenzari_conservatory_becter, ebering_ecumenical_altar_hall
D:4:      layout_loops_ring, tso_oasis_becter, minmay_misc_feat_tower,
          uniq_sigmund, uniq_menkaure

Skill      XL: |  1  2  3  4  5 |
---------------+----------------+-----
Stealth        | 2 |  2.5
Dodging        | 2 3 |  3.2
Spellcasting   | 3 |  3.3
Conjurations   | 5 |  5.0
Hexes          | |  0.7

Action                   |  1- 3 |  4- 6 || total
-------------------------+-------+-------++-------
Melee: Unarmed           |    32 |    33 ||    65
       Tailslap          |     3 |     5 ||     8
       Punch             |     2 |       ||     2
 Cast: Magic Dart        |    90 |   142 ||   232
  Use: Scroll            |       |     8 ||     8
Armor: Skin              |     7 |    34 ||    41
Dodge: Dodged            |    19 |    37 ||    56
Block: Other             |     2 |    27 ||    29
       Reflection        |       |     1 ||     1

Table legend: (Time is in decaauts)
 A = Elapsed time spent in this place.
 B = Non-inter-level travel time spent in this place.
 C = Inter-level travel time spent in this place.
 D = Time resting spent in this place.
 E = Time spent auto-exploring this place.
 F = Levels seen in this place.
 G = Mean time per level.
                   A        B        C        D        E       F      G
               +--------+--------+--------+--------+--------+-----+--------+
         Total |   5898 |   5770 |    128 |   1888 |   2877 |   4 | 1474.5 |
       Dungeon |   5898 |   5770 |    128 |   1888 |   2877 |   4 | 1474.5 |
               +--------+--------+--------+--------+--------+-----+--------+

Top non-repeatable levels by time:
     D:2: 2825 daAuts
     D:3: 1963 daAuts
     D:1: 876 daAuts
     D:4: 234 daAuts
